 Dungeon Crawl Stone Soup version 0.22-a0-422-g9628fc8 (webtiles) character file.

35 Mgcat the Magician (level 3, -1/28 HPs)
             Began as a Gnoll Wanderer on May 20, 2018.
             Slain by a worm (6 damage)
             ... on level 1 of the Dungeon.
             The game lasted 00:02:15 (750 turns).

Mgcat the Magician (Gnoll Wanderer)                  Turns: 750, Time: 00:02:15

Health: -1/28      AC:  8    Str: 16 (17) XL:     3   Next: 35%
Magic:  9/9        EV: 14    Int: 11 (13) God:
Gold:   20         SH:  5    Dex: 15 (18) Spells: 12/12 levels left

rFire    . . .     SeeInvis .   c - +0 club
rCold    . . .     Gourm    .   b - +0 buckler
rNeg     . . .     Faith    .   a - +2 scale mail
rPois    .         Spirit   .   (no helmet)
rElec    .         Reflect  .   (no cloak)
rCorr    .         Harm     .   (no gloves)
MR       .....                  (no boots)
Stlth    +.........             (no amulet)
HPRegen  0.09/turn              (no ring)
MPRegen  0.11/turn              (no ring)

@: agile, lethally poisoned (-1 -> -8)
A: distributed training, fangs 1, strong nose
a: no special abilities


You were on level 1 of the Dungeon.
You were not hungry.

You visited 1 branch of the dungeon, and saw 2 of its levels.

You collected 20 gold pieces.

Inventory:

Hand Weapons
 c - a +0 club (weapon)
Armour
 a - a +2 scale mail (worn)
 b - a +0 buckler (worn)
Scrolls
 e - a scroll of magic mapping {unknown}
 h - a scroll of enchant weapon {unknown}
 i - a scroll of teleportation {unknown}
Comestibles
 d - 2 rations
 f - a chunk of flesh {@w0}


   Skills:
 + Level 2.6 Fighting
 + Level 0.7 Short Blades
 + Level 0.7 Long Blades
 + Level 0.7 Axes
 + Level 2.6 Maces & Flails
 + Level 0.7 Polearms
 + Level 0.7 Staves
 + Level 0.7 Slings
 + Level 0.7 Bows
 + Level 0.7 Crossbows
 + Level 2.6 Throwing
 + Level 2.6 Armour
 + Level 0.7 Dodging
 + Level 0.7 Stealth
 + Level 2.6 Shields
 + Level 0.7 Unarmed Combat
 + Level 5.0 Spellcasting
 + Level 0.5 Conjurations
 + Level 0.5 Hexes
 + Level 0.5 Charms
 + Level 0.5 Summonings
 + Level 0.5 Necromancy
 + Level 0.5 Translocations
 + Level 2.1 Transmutations
 + Level 0.5 Fire Magic
 + Level 0.5 Ice Magic
 + Level 3.7 Air Magic
 + Level 0.5 Earth Magic
 + Level 0.5 Poison Magic
 + Level 0.9 Invocations
 + Level 0.7 Evocations


You had 12 spell levels left.
You didn't know any spells.
Your spell library was empty.

Dungeon Overview and Level Annotations

Branches:
Dungeon (2/15)

Altars:


Innate Abilities, Weirdness & Mutations

Your experience applies equally to all skills.
You have very sharp teeth.
Your uncanny sense of smell can sniff out nearby items.


Message History

The ooze hits you but does no damage.
You barely miss the ooze. You bite the ooze, but do no damage.
The ooze is severely wounded.
The ooze barely misses you.
You hit the ooze.
You kill the ooze!
No target in view!
No target in view!
There is an open door here.
j - an emerald potion
There is an open door here.
You see here a robe.
You enter the shallow water.
Moving in this stuff is going to be slow.
Done exploring.
Done exploring.
Done exploring.
Done exploring.
Done exploring.
Done exploring.
Done exploring.
Unknown command.
Unknown command.
Search for what [? for help]? weapon You see here a dagger.
Some of the chunks of flesh in your inventory have rotted away.
You see here a hand axe.
Unknown command.
Search for what [Enter for "weapon", or ? for help]?
Unknown command.
Unknown command.
Unknown command.
(D) Dungeon
Where to? (Enter - D:1 @ (x,y), ? - help)
What level of the Dungeon? (default 1, ? - help)
There is a stone staircase leading down here.
You climb downwards.
A rat, a worm and 2 kobolds come into view.
A kobold is wielding a whip of venom.
The kobold shouts! x2; You hear a shout!
Found 17 bolts and 10 gold pieces.
Found an escape hatch in the ceiling.
There is a stone staircase leading up here.
You closely miss the kobold. The kobold hits you but does no damage.
You closely miss the kobold.
A hobgoblin comes into view.
The kobold hits you but does no damage. The kobold barely misses you.
You barely miss the kobold. You bite the kobold.
The kobold is severely wounded.
The kobold hits you but does no damage.
You are poisoned.
The kobold barely misses you. The rat barely misses you.
You closely miss the kobold.
The kobold is severely wounded.
You feel sick. The kobold closely misses you.
The kobold hits you but does no damage.
You are more poisoned.
You block the rat's attack.
You closely miss the kobold.
The kobold is severely wounded.
You feel sick. The kobold hits you but does no damage.
The kobold hits you with a whip of venom.
You are lethally poisoned!
The rat bites you but does no damage. The worm completely misses you.
You hit the kobold.
You kill the kobold!
You feel sick. You block the kobold's attack. The rat barely misses you.
The worm closely misses you.
An ooze comes into view.
You block the kobold's attack.
You are too injured to fight recklessly!
You are too injured to fight recklessly!
You are too injured to fight recklessly!
You are too injured to fight recklessly!
You feel sick. You block the rat's attack.
The kobold hits you but does no damage. You block the worm's attack.
You climb upwards.
You feel sick.
There is a stone staircase leading down here.
You feel sick. The rat bites you. The kobold hits you but does no damage.
You feel sick. The rat closely misses you.
You feel sick.
You feel sick.
You feel sick.
You feel sick.
You hit the rat.
You kill the rat!
* * * LOW HITPOINT WARNING * * *
You feel sick.
It was a potion of agility.
You feel agile all of a sudden.
* * * LOW HITPOINT WARNING * * *
You feel sick.
It was a potion of degeneration.
There was something very wrong with that liquid.
You feel weakened.
You feel dopey.
You feel clumsy.
* * * LOW HITPOINT WARNING * * *
You feel sick.
You barely miss the worm.
* * * LOW HITPOINT WARNING * * *
You feel sick. The worm bites you.
You die...

........###########
..................#
........#########.#
........#########.#
.............>..#.#
....########..###.#
......## #K.# #.#
≈≈.....#####..###.#
≈≈≈≈......##..Kw@.#
≈≈≈≈...##..#.######
≈≈≈≈≈≈..##[#.#
≈≈≈≈≈≈≈..#.#.#
≈≈≈≈≈≈≈≈.....#
≈≈≈≈≈≈≈≈≈.#..#
≈≈≈≈≈≈≈≈≈....#
≈≈≈≈≈≈≈≈≈≈...#
≈≈≈≈≈≈≈≈≈≈...#


You could see a worm and a kobold.

Vanquished Creatures
  An ooze (D:1)
  5 bats (D:1)
  3 giant cockroaches (D:1)
  2 goblins (D:1)
  4 hobgoblins (D:1)
  6 frilled lizards (D:1)
  3 kobolds
  6 rats (D:1)
30 creatures vanquished.

Notes
Turn   | Place    | Note
-------+----------+-------------------------------------------
     0 | D:1      | Mgcat the Gnoll Wanderer began the quest for the Orb.
     0 | D:1      | Mgcat set off with: a +2 scale mail, a +0 buckler, a +0 club, a ration
     0 | D:1      | Reached XP level 1. HP: 17/17 MP: 6/6
    29 | D:1      | Reached skill level 2 in Transmutations
    32 | D:1      | Reached XP level 2. HP: 18/23 MP: 7/7
   475 | D:1      | Reached XP level 3. HP: 22/28 MP: 9/9
   567 | D:1      | Reached skill level 5 in Spellcasting
   748 | D:1      | HP: 7/28 [poisoned by a kobold]
   750 | D:1      | Slain by a worm

Vault maps used:
D:1:      minmay_arrival_shoal_huts, minivault_24
D:2:      zin_academy, nemelex_xobeh_ov_fountains_minmay, lemuel_doored_altar,
          nicolae_overflow_hidden_temple, hangedman_abyss_or_decor_lesser_grid,
          uniq_sigmund

Skill      XL: |  1  2  3 |
---------------+----------+-----
Transmutations | 2 |  2.1
Spellcasting   | 5 |  5.0
Fighting       | |  2.6
Short Blades   | |  0.7
Long Blades    | |  0.7
Axes           | |  0.7
Maces & Flails | |  2.6
Polearms       | |  0.7
Staves         | |  0.7
Slings         | |  0.7
Bows           | |  0.7
Crossbows      | |  0.7
Throwing       | |  2.6
Armour         | |  2.6
Dodging        | |  0.7
Stealth        | |  0.7
Shields        | |  2.6
Unarmed Combat | |  0.7
Conjurations   | |  0.5
Hexes          | |  0.5
Charms         | |  0.5
Summonings     | |  0.5
Necromancy     | |  0.5
Translocations | |  0.5
Fire Magic     | |  0.5
Ice Magic      | |  0.5
Air Magic      | |  3.7
Earth Magic    | |  0.5
Poison Magic   | |  0.5
Invocations    | |  0.9
Evocations     | |  0.7

Action                   || total
-------------------------++-------
Melee: Club              ||   137
       Bite              ||    14
  Use: Potion            ||     2
Armor: Scale mail        ||    92
Dodge: Dodged            ||    76
Block: Buckler           ||    37

Table legend:
 A = Spawn XP
 B = Non-spawn XP
 C = Spawn XP percentage of total XP
 D = Spawn monster count
 E = Non-spawn monster count
 F = Spawn count percentage of total count
 G = Total turns spent on level
                    A         B        C        D         E        F      G
               +---------+---------+-------+---------+---------+-------+---------
         Total |       0 |      51 |   0.0 |       0 |      30 |   0.0 |   750
               +---------+---------+-------+---------+---------+-------+---------
           D:1 |       0 |      49 |   0.0 |       0 |      29 |   0.0 |   742
           D:2 |       0 |       2 |   0.0 |       0 |       1 |   0.0 |     8
               +---------+---------+-------+---------+---------+-------+---------

Vault maps used:
D:1:      minmay_arrival_shoal_huts, minivault_24
D:2:      zin_academy, nemelex_xobeh_ov_fountains_minmay, lemuel_doored_altar,
          nicolae_overflow_hidden_temple, hangedman_abyss_or_decor_lesser_grid,
          uniq_sigmund

Table legend:
 A = Turns spent in this place as a percentage of turns spent in the entire game.
 B = Non-inter-level travel turns spent in this place as a percentage of non-inter-level travel turns spent in the entire game.
 C = Inter-level travel turns spent in this place as a percentage of turns spent in this place.
 D = Turns resting spent in this place as a percentage of non-inter-level travel turns spent in this place.
 E = Turns spent auto-exploring this place as a percentage of non-inter-level travel turns spent in this place.
 F = Non-inter-level travel turns spent in this place divided by the number of levels of this place that you've seen.
                   A       B       C       D       E      F
               +-------+-------+-------+-------+-------+----------------------
         Total | 100.0 | 100.0 |  10.4 |   0.0 |  63.8 | 336.0
       Dungeon | 100.0 | 100.0 |  10.4 |   0.0 |  63.8 | 336.0
               +-------+-------+-------+-------+-------+----------------------

Table legend:
 A = Kills in this place as a percentage of kills in entire the game.
 B = Kills by you in this place as a percentage of kills by you in the entire game.
 C = Kills by friends in this place as a percentage of kills by friends in the entire game.
 D = Other kills in this place as a percentage of other kills in the entire game.
 E = Experience gained in this place as a percentage of experience gained in the entire game.
 F = Experience gained in this place divided by the number of levels of this place that you have seen.
                   A       B       C       D       E      F
               +-------+-------+-------+-------+-------+----------------------
         Total | 100.0 | 100.0 |   N/A |   N/A | 100.0 |  25.5
       Dungeon | 100.0 | 100.0 |   N/A |   N/A | 100.0 |  25.5
               +-------+-------+-------+-------+-------+----------------------
